| TOP OF THE 1ST |
|
Hagerstown Suns batting - Pitching for Hartford Yard Goats : RHP Tsuneyoshi Kubo
|
|
Pitching: RHP Tsuneyoshi Kubo
|
|
|
Batting: RHB Bobby Bricker
|
0-0: Swinging Strike 0-1: Ball 1-1: Foul Ball, location: 2F 1-2: Strikes out swinging
|
|
Batting: RHB Antonio Morado
|
0-0: Ball 1-0: Swinging Strike 1-1: Ball 2-1: Ball 3-1: Base on Balls
|
|
Batting: RHB Slavik Nebrodov
|
0-0: Hit by Pitch Antonio Morado to second
|
|
Batting: RHB Deshawn Boseman
|
0-0: SINGLE (Groundball, 6MD, EV 100.0 MPH) Antonio Morado to third Slavik Nebrodov to second Runner from 3rd tries for Home, SAFE, throw by CF to home
|
|
Batting: RHB Nick Moreno
|
0-0: Ball 1-0: Ball 2-0: Ground out 3-1 (Groundball, 34S, EV 87.5 MPH) Slavik Nebrodov to third Deshawn Boseman to second
|
|
Batting: RHB Ben Welt
|
0-0: Called Strike 0-1: Ball 1-1: SINGLE (Groundball, 15S, EV 68.8 MPH) (infield hit) Slavik Nebrodov scores Deshawn Boseman to third
|
|
Batting: RHB Naofumi Ishida
|
0-0: Swinging Strike 0-1: Called Strike 0-2: Foul Ball, location: 2F 0-2: Strikes out looking
|
| Top of the 1st over - 2 runs, 2 hits, 0 errors, 2 left on base; Hagerstown 2 - Hartford 0 |
| BOTTOM OF THE 1ST |
|
Hartford Yard Goats batting - Pitching for Hagerstown Suns : RHP Jimmy Purscell
|
|
Pitching: RHP Jimmy Purscell
|
|
|
Batting: RHB Doug D'Onofrio
|
0-0: Ball 1-0: Ground out 5-3 (Groundball, 5L, EV 104.4 MPH)
|
|
Batting: LHB Mick Tucker
|
0-0: Foul Ball, location: 2F 0-1: Ball 1-1: Ball 2-1: Swinging Strike 2-2: Ball 3-2: Foul Ball, location: 2F 3-2: Foul Ball, location: 2F 3-2: Strikes out swinging
|
|
Batting: RHB Kevin Tangeman
|
0-0: Called Strike 0-1: Ball 1-1: Swinging Strike 1-2: Ball 2-2: Fly out, F6 (Popup, 6D, EV 58.1 MPH)
|
| Bottom of the 1st over - 0 runs, 0 hits, 0 errors, 0 left on base; Hagerstown 2 - Hartford 0 |
| TOP OF THE 2ND |
|
Hagerstown Suns batting - Pitching for Hartford Yard Goats : RHP Tsuneyoshi Kubo
|
|
Batting: LHB Chance McWilliams
|
0-0: Ball 1-0: Swinging Strike 1-1: Ball 2-1: Swinging Strike 2-2: Ball 3-2: Base on Balls
|
|
Batting: RHB Jelexiz Cuenca
|
0-0: SINGLE (Groundball, 25, EV 66.9 MPH) (infield hit) Chance McWilliams to second
|
|
Batting: RHB Bobby Bricker
|
0-0: Fly out, F8 (Flyball, 8LXD, EV 100.0 MPH) Runner from 2nd tags up, SAFE at 3rd, no throw by CF
|
|
Batting: RHB Antonio Morado
|
0-0: Ball 1-0: Ball 2-0: Called Strike 2-1: Ball Jelexiz Cuenca is caught stealing 2nd base 2-4 3-1: Fly out, F9 (Flyball, 9, EV 91.9 MPH)
|
| Top of the 2nd over - 0 runs, 1 hit, 0 errors, 1 left on base; Hagerstown 2 - Hartford 0 |
| BOTTOM OF THE 2ND |
|
Hartford Yard Goats batting - Pitching for Hagerstown Suns : RHP Jimmy Purscell
|
|
Batting: LHB Paul McClintock
|
0-0: Ball 1-0: Called Strike 1-1: Ball 2-1: Swinging Strike 2-2: Ground out 6-3 (Groundball, 6S, EV 83.1 MPH)
|
|
Batting: RHB Manny Thompson
|
0-0: Foul Ball, location: 2F 0-1: Ball 1-1: Ball 2-1: Foul Ball, location: 2F 2-2: Ball 3-2: Fly out, F9 (Flyball, 9LM, EV 93.8 MPH)
|
|
Batting: SHB Craig Ruzic
|
0-0: Called Strike 0-1: Ball 1-1: Foul Ball, location: 2F 1-2: Ball 2-2: Ball 3-2: Strikes out swinging
|
| Bottom of the 2nd over - 0 runs, 0 hits, 0 errors, 0 left on base; Hagerstown 2 - Hartford 0 |
| TOP OF THE 3RD |
|
Hagerstown Suns batting - Pitching for Hartford Yard Goats : RHP Tsuneyoshi Kubo
|
|
Batting: RHB Slavik Nebrodov
|
0-0: Ball 1-0: Ball 2-0: Ball 3-0: Base on Balls
|
|
Batting: RHB Deshawn Boseman
|
0-0: Called Strike 0-1: Ball 1-1: Ball Pickoff Throw by Catcher to First - Out! 2-1: Foul Ball, location: 2F 2-2: Fly out, F8 (Flyball, 8LS, EV 83.1 MPH)
|
|
Batting: RHB Nick Moreno
|
0-0: Ball 1-0: Ball 2-0: Ball 3-0: Base on Balls
|
|
Batting: RHB Ben Welt
|
0-0: Ball 1-0: Swinging Strike 1-1: Called Strike 1-2: Strikes out looking
|
| Top of the 3rd over - 0 runs, 0 hits, 0 errors, 1 left on base; Hagerstown 2 - Hartford 0 |
| BOTTOM OF THE 3RD |
|
Hartford Yard Goats batting - Pitching for Hagerstown Suns : RHP Jimmy Purscell
|
|
Batting: SHB Clayton Saunders
|
0-0: SINGLE (Flyball, 8RS, EV 89.4 MPH)
|
|
Batting: RHB John Clark
|
0-0: Ball Clayton Saunders steals 2nd base (no throw) 1-0: Called Strike 1-1: Ball 2-1: Foul Ball, location: 2F 2-2: Ball 3-2: Foul Ball, location: 2F 3-2: Foul Ball, location: 2F 3-2: Foul Ball, location: 2F 3-2: Ground out 5-3 (Groundball, 5, EV 84.4 MPH)
|
|
Batting: RHB Ighlas Mwara
|
0-0: SINGLE (Groundball, 4M, EV 104.4 MPH) (infield hit) Clayton Saunders to third
|
|
Batting: RHB Doug D'Onofrio
|
0-0: Called Strike 0-1: Grounds into double play, 5-4-3 (Groundball, 5, EV 83.8 MPH)
|
| Bottom of the 3rd over - 0 runs, 2 hits, 0 errors, 1 left on base; Hagerstown 2 - Hartford 0 |
| TOP OF THE 4TH |
|
Hagerstown Suns batting - Pitching for Hartford Yard Goats : RHP Tsuneyoshi Kubo
|
|
Batting: RHB Naofumi Ishida
|
0-0: Ball 1-0: Ball 2-0: Foul Ball, location: 2F 2-1: Ball 3-1: Base on Balls
|
|
Batting: LHB Chance McWilliams
|
Pickoff Play to 1st, Runner tries for 2nd, OUT after rundown. 0-0: Ball 1-0: Ball 2-0: Ball 3-0: Called Strike 3-1: Foul Ball, location: 2F 3-2: Base on Balls
|
|
Batting: RHB Jelexiz Cuenca
|
0-0: Called Strike 0-1: Ball 1-1: Foul Ball, location: 2F 1-2: Ground out 4-3 (Groundball, 4S, EV 75.6 MPH) Chance McWilliams to second
|
|
Batting: RHB Bobby Bricker
|
0-0: Swinging Strike 0-1: Ball 1-1: Foul Ball, location: 2F 1-2: Foul Ball, location: 2F 1-2: Ball 2-2: Strikes out swinging
|
| Top of the 4th over - 0 runs, 0 hits, 0 errors, 1 left on base; Hagerstown 2 - Hartford 0 |
| BOTTOM OF THE 4TH |
|
Hartford Yard Goats batting - Pitching for Hagerstown Suns : RHP Jimmy Purscell
|
|
Batting: LHB Mick Tucker
|
0-0: Ball 1-0: Foul Ball, location: 2F 1-1: Foul Ball, location: 2F 1-2: Ball 2-2: Ball 3-2: Ground out 1-3 (Groundball, 34S, EV 63.1 MPH)
|
|
Batting: RHB Kevin Tangeman
|
0-0: Called Strike 0-1: Ball 1-1: Ball 2-1: Ball 3-1: Foul Ball, location: 2F 3-2: Strikes out looking
|
|
Batting: LHB Paul McClintock
|
0-0: Ball 1-0: Swinging Strike 1-1: Foul Ball, location: 2F 1-2: Ball 2-2: Fly out, F8 (Line Drive, 8LD, EV 90.6 MPH)
|
| Bottom of the 4th over - 0 runs, 0 hits, 0 errors, 0 left on base; Hagerstown 2 - Hartford 0 |
| TOP OF THE 5TH |
|
Hagerstown Suns batting - Pitching for Hartford Yard Goats : RHP Tsuneyoshi Kubo
|
|
Batting: RHB Antonio Morado
|
0-0: Fly out, F4 (Popup, 4, EV 55.6 MPH)
|
|
Batting: RHB Slavik Nebrodov
|
0-0: Called Strike 0-1: SINGLE (Groundball, 6S, EV 96.2 MPH)
|
|
Batting: RHB Deshawn Boseman
|
0-0: Ball 1-0: Swinging Strike 1-1: Ball 2-1: Called Strike Slavik Nebrodov steals 2nd base 2-2: SINGLE (Line Drive, 7LS, EV 102.5 MPH) Slavik Nebrodov to third
|
|
Batting: RHB Nick Moreno
|
0-0: Called Strike 0-1: Foul Ball, location: 2F 0-2: Foul Ball, location: 2F 0-2: Hit by Pitch Deshawn Boseman to second
|
|
Batting: RHB Ben Welt
|
0-0: Called Strike 0-1: GRAND SLAM HOME RUN (Flyball, 78XD, EV 99.4 MPH), Distance : 397 ft
|
|
Pitching: RHP Wilson Mendez
|
|
|
Batting: RHB Naofumi Ishida
|
0-0: Ball 1-0: Foul Ball, location: 2F 1-1: Foul Ball, location: 2F 1-2: Strikes out looking
|
|
Batting: LHB Chance McWilliams
|
0-0: Ball 1-0: Called Strike 1-1: Fly out, F8 (Flyball, 8LM, EV 88.8 MPH)
|
| Top of the 5th over - 4 runs, 3 hits, 0 errors, 0 left on base; Hagerstown 6 - Hartford 0 |
| BOTTOM OF THE 5TH |
|
Hartford Yard Goats batting - Pitching for Hagerstown Suns : RHP Jimmy Purscell
|
|
Batting: RHB Manny Thompson
|
0-0: Ball 1-0: Ball 2-0: Ball 3-0: Base on Balls
|
|
Batting: SHB Craig Ruzic
|
0-0: Fly out, F7 (Flyball, 7LD, EV 96.9 MPH)
|
|
Batting: SHB Clayton Saunders
|
0-0: Called Strike 0-1: Called Strike 0-2: Ball 1-2: Foul Ball, location: 2F 1-2: SINGLE (Groundball, 6D, EV 105.0 MPH) Manny Thompson to second
|
|
Batting: RHB John Clark
|
0-0: Fly out, F9 (Flyball, 9S, EV 88.1 MPH)
|
|
Batting: RHB Ighlas Mwara
|
0-0: Called Strike 0-1: TRIPLE (Line Drive, 89XD, EV 106.2 MPH) Manny Thompson scores Clayton Saunders scores
|
|
Batting: RHB Doug D'Onofrio
|
0-0: Ball 1-0: Ground out 6-3 (Groundball, 6, EV 79.4 MPH)
|
| Bottom of the 5th over - 2 runs, 2 hits, 0 errors, 1 left on base; Hagerstown 6 - Hartford 2 |
| TOP OF THE 6TH |
|
Hagerstown Suns batting - Pitching for Hartford Yard Goats : RHP Wilson Mendez
|
|
Batting: RHB Jelexiz Cuenca
|
0-0: Ball 1-0: Called Strike 1-1: Foul Ball, location: 2F 1-2: Ball 2-2: Ball 3-2: Strikes out swinging
|
|
Batting: RHB Bobby Bricker
|
0-0: Ball 1-0: Foul Ball, location: 2F 1-1: SINGLE (Line Drive, 9LS, EV 98.1 MPH)
|
|
Batting: RHB Antonio Morado
|
0-0: Called Strike 0-1: Ball 1-1: Hit by Pitch Bobby Bricker to second
|
|
Pitching: RHP Josh Blaschke
|
|
|
Batting: RHB Slavik Nebrodov
|
0-0: Called Strike 0-1: Ball 1-1: SINGLE (Line Drive, 34D, EV 96.2 MPH) Bobby Bricker to third Antonio Morado to second Runner from 3rd tries for Home, SAFE, throw by RF to home
|
|
Batting: RHB Deshawn Boseman
|
0-0: Ball 1-0: Foul Ball, location: 2F 1-1: Ball 2-1: SINGLE (Groundball, 5D, EV 97.5 MPH) Antonio Morado to third Slavik Nebrodov to second
|
|
Batting: RHB Nick Moreno
|
0-0: Ball 1-0: Foul Ball, location: 2F 1-1: Swinging Strike 1-2: Strikes out swinging
|
|
Batting: RHB Ben Welt
|
0-0: Called Strike 0-1: Called Strike 0-2: Ball 1-2: Foul Ball, location: 2F 1-2: Foul Ball, location: 2F 1-2: Fly out, F8 (Line Drive, 78M, EV 98.1 MPH)
|
| Top of the 6th over - 1 run, 3 hits, 0 errors, 3 left on base; Hagerstown 7 - Hartford 2 |
| BOTTOM OF THE 6TH |
|
Hartford Yard Goats batting - Pitching for Hagerstown Suns : RHP Jimmy Purscell
|
|
Batting: LHB Mick Tucker
|
0-0: Foul Ball, location: 2F 0-1: Foul Ball, location: 2F 0-2: Foul Ball, location: 2F 0-2: Ball 1-2: Foul Ball, location: 2F 1-2: Ball 2-2: Strikes out looking
|
|
Batting: RHB Kevin Tangeman
|
0-0: Called Strike 0-1: Swinging Strike 0-2: Ball 1-2: Strikes out swinging
|
|
Batting: LHB Paul McClintock
|
0-0: Called Strike 0-1: Ball 1-1: Foul Ball, location: 2F 1-2: SINGLE (Line Drive, 7LS, EV 109.4 MPH)
|
|
Pitching: RHP Sam Wood
|
|
|
Batting: RHB Manny Thompson
|
0-0: Called Strike 0-1: DOUBLE (Line Drive, 9LS, EV 104.4 MPH) Paul McClintock to third Runner from 3rd tries for Home, throw by RF and OUT! 9-4-2
|
| Bottom of the 6th over - 0 runs, 2 hits, 0 errors, 1 left on base; Hagerstown 7 - Hartford 2 |
| TOP OF THE 7TH |
|
Hagerstown Suns batting - Pitching for Hartford Yard Goats : RHP Josh Blaschke
|
|
Batting: RHB Naofumi Ishida
|
0-0: SINGLE (Groundball, 4D, EV 105.0 MPH)
|
|
Batting: LHB Chance McWilliams
|
0-0: Ball 1-0: Called Strike Naofumi Ishida is caught stealing 2nd base 2-6 1-1: Called Strike 1-2: Ball 2-2: Ground out U3 (Groundball, 34, EV 84.4 MPH)
|
|
Batting: RHB Jelexiz Cuenca
|
0-0: Ball 1-0: Ball 2-0: Ball 3-0: Base on Balls
|
|
Pitching: LHP Juan Rivera
|
|
|
Batting: RHB Bobby Bricker
|
0-0: Ball Wild Pitch! Jelexiz Cuenca to second 1-0: Called Strike 1-1: Ball 2-1: Called Strike 2-2: Foul Ball, location: 2F 2-2: Ball 3-2: Foul Ball, location: 2F 3-2: Fly out, F9 (Flyball, 89M, EV 88.1 MPH)
|
| Top of the 7th over - 0 runs, 1 hit, 0 errors, 1 left on base; Hagerstown 7 - Hartford 2 |
| BOTTOM OF THE 7TH |
|
Hartford Yard Goats batting - Pitching for Hagerstown Suns : RHP Sam Wood
|
|
Batting: SHB Craig Ruzic
|
0-0: Called Strike 0-1: Ball 1-1: DOUBLE (Flyball, 78D, EV 110.0 MPH)
|
|
Batting: SHB Clayton Saunders
|
0-0: Ball 1-0: Called Strike 1-1: Ball 2-1: Foul Ball, location: 2F 2-2: Foul Ball, location: 2F 2-2: Strikes out swinging
|
|
Batting: RHB John Clark
|
0-0: Called Strike 0-1: Ball 1-1: Ball 2-1: Foul Ball, location: 2F 2-2: Foul Ball, location: 2F 2-2: Foul Ball, location: 2F 2-2: Foul Ball, location: 2F 2-2: Ball 3-2: Fly out, F7 (Flyball, 78D, EV 97.5 MPH)
|
|
Batting: RHB Ighlas Mwara
|
0-0: Hit by Pitch
|
|
Batting: RHB Doug D'Onofrio
|
0-0: Ball 1-0: Fielders Choice at 2nd, 5-4 (Groundball, 56, EV 103.1 MPH)
|
| Bottom of the 7th over - 0 runs, 1 hit, 0 errors, 2 left on base; Hagerstown 7 - Hartford 2 |
| TOP OF THE 8TH |
|
Hagerstown Suns batting - Pitching for Hartford Yard Goats : LHP Juan Rivera
|
|
Batting: RHB Antonio Morado
|
0-0: Ball 1-0: Fly out, F8 (Flyball, 8RXD, EV 84.4 MPH)
|
|
Batting: RHB Slavik Nebrodov
|
0-0: Ball 1-0: Ball 2-0: Called Strike 2-1: Foul Ball, location: 2F 2-2: Fly out, F3 (Popup, 3S, EV 73.1 MPH)
|
|
Batting: RHB Deshawn Boseman
|
0-0: Swinging Strike 0-1: Ball 1-1: Ball 2-1: Ball 3-1: Foul Ball, location: 2F 3-2: Base on Balls
|
|
Batting: RHB Nick Moreno
|
0-0: 2-RUN HOME RUN (Flyball, 7D, EV 97.5 MPH), Distance : 378 ft
|
|
Pitching: RHP Befikadu Mthuthuzeli
|
|
|
Batting: RHB Ben Welt
|
0-0: Ball 1-0: Ball 2-0: Called Strike 2-1: Ball 3-1: Foul Ball, location: 2F 3-2: Base on Balls
|
|
Batting: RHB Naofumi Ishida
|
0-0: Ball 1-0: Ball 2-0: Called Strike 2-1: SINGLE (Line Drive, 6M, EV 97.5 MPH) Ben Welt to second Runner from 2nd tries for 3rd, OUT! 8-5
|
| Top of the 8th over - 2 runs, 2 hits, 0 errors, 1 left on base; Hagerstown 9 - Hartford 2 |
| BOTTOM OF THE 8TH |
|
Hartford Yard Goats batting - Pitching for Hagerstown Suns : RHP Sam Wood
|
|
Pinch Hitting: RHB Gashie Chimsima
|
0-0: Ball 1-0: Ball 2-0: Ball 3-0: Base on Balls
|
|
Batting: RHB Kevin Tangeman
|
0-0: Foul Ball, location: 2F 0-1: Foul Ball, location: 2F 0-2: Foul Ball, location: 2F 0-2: Foul Ball, location: 2F 0-2: Ball 1-2: Grounds into double play, 5-4-3 (Groundball, 15, EV 89.4 MPH)
|
|
Batting: LHB Paul McClintock
|
0-0: Ball 1-0: Foul Ball, location: 2F 1-1: Ball 2-1: Ball 3-1: Foul Ball, location: 2F 3-2: Foul Ball, location: 2F 3-2: Fly out, F8 (Flyball, 8LM, EV 89.4 MPH)
|
| Bottom of the 8th over - 0 runs, 0 hits, 0 errors, 0 left on base; Hagerstown 9 - Hartford 2 |
| TOP OF THE 9TH |
|
Hagerstown Suns batting - Pitching for Hartford Yard Goats : RHP Befikadu Mthuthuzeli
|
|
Now at 1B: John Corfield
|
|
|
Batting: LHB Chance McWilliams
|
0-0: Ball 1-0: Called Strike 1-1: Ball 2-1: Ball 3-1: Swinging Strike 3-2: Fly out, F9 (Flyball, 89S, EV 80.6 MPH)
|
|
Batting: RHB Jelexiz Cuenca
|
0-0: Ball 1-0: Called Strike 1-1: DOUBLE (Line Drive, 5D, EV 99.4 MPH)
|
|
Pitching: RHP Jim Crooks
|
|
|
Batting: RHB Bobby Bricker
|
0-0: Ball 1-0: Ball 2-0: Foul Ball, location: 2F 2-1: Ball 3-1: Base on Balls
|
|
Batting: RHB Antonio Morado
|
0-0: 3-RUN HOME RUN (Flyball, 89XD, EV 96.9 MPH), Distance : 392 ft
|
|
Batting: RHB Slavik Nebrodov
|
0-0: Hit by Pitch
|
|
Batting: RHB Deshawn Boseman
|
0-0: Ball 1-0: Foul Ball, location: 2F 1-1: Foul Ball, location: 2F 1-2: Foul Ball, location: 2F 1-2: Strikes out looking
|
|
Batting: RHB Nick Moreno
|
0-0: Called Strike 0-1: Foul Ball, location: 2F 0-2: Ball 1-2: Foul Ball, location: 2F 1-2: Strikes out looking
|
| Top of the 9th over - 3 runs, 2 hits, 0 errors, 1 left on base; Hagerstown 12 - Hartford 2 |
| BOTTOM OF THE 9TH |
|
Hartford Yard Goats batting - Pitching for Hagerstown Suns : RHP Sam Wood
|
|
Batting: RHB Manny Thompson
|
0-0: Ball 1-0: Ball 2-0: Called Strike 2-1: Ground out 5-3 (Groundball, 56, EV 77.5 MPH)
|
|
Batting: SHB Craig Ruzic
|
0-0: Called Strike 0-1: Foul Ball, location: 2F 0-2: Strikes out swinging
|
|
Batting: SHB Clayton Saunders
|
0-0: Called Strike 0-1: Swinging Strike 0-2: Foul Ball, location: 2F 0-2: Ball 1-2: Strikes out swinging
|
| Bottom of the 9th over - 0 runs, 0 hits, 0 errors, 0 left on base; Hagerstown 12 - Hartford 2 |
|